 Dungeon Crawl Stone Soup version 0.27.1-4-g1640c2035a (webtiles) character file.

Game seed: 7064024915571191326

11838 FreshCat the Basher (level 11, -4/163 HPs)
             Began as a Troll Chaos Knight on Nov 2, 2021.
             Was a Plaything of Xom.
             Slain by a cane toad (12 damage)
             ... on level 1 of the Lair of Beasts.
             The game lasted 01:21:59 (12508 turns).

FreshCat the Basher (Troll Chaos Knight)           Turns: 12508, Time: 01:22:00

Health: -4/163     AC: 29    Str: 24    XL:     11   Next: 54%
Magic:  10/10      EV:  1    Int:  8    God:    Xom [....*.]
Gold:   561        SH:  0    Dex: 10    Spells: 10/10 levels left

rFire    . . .     SeeInvis +   a - +1 mace (chaos)
rCold    . . .     Faith    .   (no shield)
rNeg     + + +     Spirit   .   (armour currently unavailable)
rPois    +         Reflect  .   (helmet currently unavailable)
rElec    .         Harm     .   (cloak currently unavailable)
rCorr    .         Rampage  .   (gloves unavailable)
Will     .....     NoTele   +   (boots unavailable)
Stlth    +.........             H - amulet of magic regeneration
HPRegen  1.37/turn              e - +4 ring of protection
MPRegen  0.37/turn              v - ring of see invisible

@: lethally poisoned (-4 -> -23), tree-form
A: stationary, stasis, torment immunity, boosted hp, large, unfitting armour,
(claws 3), regeneration 1, (shaggy fur 1), (tough skin 1), (iridescent scales
1), (cold resistance 1), (fire resistance 1), wild magic 1
a: Renounce Religion


You were on level 1 of the Lair of Beasts.
You worshipped Xom.
You were a beloved toy of Xom.
You were a tree.
You visited 3 branches of the dungeon, and saw 16 of its levels.
You also visited: Ice Cave.

You collected 561 gold pieces.

Inventory:

Hand Weapons
 a - a +1 mace of chaos (weapon)
 j - a +2 flail of protection
Missiles
 h - 618 stones
 p - 65 poisoned darts (quivered)
 E - 7 javelins
 G - 6 curare-tipped darts
Armour
 i - the +0 robe of Anaesthesia {Str+5}
   (You found it on level 4 of the Dungeon)

   Str:       It affects your strength (+5).
 x - +0 steam dragon scales (melded)
 y - a +0 cloak (melded)
 B - a +0 troll leather armour
Jewellery
 e - a +4 ring of protection (left branch)
 k - a ring of magical power
 v - a ring of see invisible (right branch)
 H - an amulet of magic regeneration (around neck)
Wands
 u - a wand of acid (1)
 w - a wand of paralysis (4)
Scrolls
 b - 2 scrolls of brand weapon {unknown}
 c - 2 scrolls of magic mapping
 l - a scroll of torment
 m - a scroll of vulnerability
 o - a scroll of immolation
 r - a scroll of enchant weapon
 s - a scroll of holy word {unknown}
 t - a scroll of fog
 z - a scroll of enchant armour {unknown}
 D - a scroll of silence {unknown}
Potions
 d - a potion of brilliance {unknown}
 g - 2 potions of attraction
 n - a potion of magic {unknown}
 q - a potion of flight {unknown}
 A - a potion of invisibility {unknown}
 C - a potion of ambrosia {unknown}
 F - a potion of might {unknown}


   Skills:
 + Level 7.4 Fighting
 + Level 12.0 Maces & Flails
 + Level 1.7 Throwing
 + Level 8.4 Dodging
 - Level 1.0 Stealth
 + Level 1.4 Evocations


You had 10 spell levels left.
You didn't know any spells.
Your spell library contained the following spells:

 Spells                   Type           Power      Damage    Failure   Level
 Animate Skeleton         Necr           0%         N/A       50%         1
 Apportation              Tloc           0%         N/A       50%         1
 Beastly Appendage        Tmut           0%         N/A       50%         1
 Corona                   Hex            0%         N/A       50%         1
 Pain                     Necr           0%         1d4       50%         1
 Summon Small Mammal      Summ           0%         N/A       50%         1
 Static Discharge         Conj/Air       0%         N/A       63%         2
 Wereblood                Tmut           0%         N/A       63%         2
 Call Canine Familiar     Summ           0%         N/A       85%         3
 Gell's Gravitas          Tloc           0%         N/A       85%         3
 Ignite Poison            Fire/Tmut/Pois 0%         N/A       85%         3
 Mephitic Cloud           Conj/Pois/Air  0%         N/A       85%         3
 Ozocubu's Armour         Ice            0%         N/A       85%         3
 Portal Projectile        Hex/Tloc       0%         N/A       85%         3
 Spider Form              Tmut/Pois      0%         N/A       85%         3
 Teleport Other           Tloc           0%         N/A       85%         3
 Dispel Undead            Necr           0%         3d6       99%         4
 Leda's Liquefaction      Hex/Erth       0%         N/A       99%         4
 Sticky Flame             Conj/Fire      0%         2d3       99%         4
 Agony                    Necr           0%         N/A       100%        5
 Bolt of Magma            Conj/Fire/Erth 0%         4d4       100%        5
 Excruciating Wounds      Necr           0%         N/A       100%        5
 Fireball                 Conj/Fire      0%         3d3       100%        5
 Iskenderun's Battlesphe  Conj           0%         2d6       100%        5
 Metabolic Englaciation   Hex/Ice        0%         N/A       100%        5
 Conjure Ball Lightning   Conj/Air       0%         3x3d6     100%        6
 Dispersal                Tloc           0%         N/A       100%        6
 Simulacrum               Ice/Necr       0%         N/A       100%        6
 Orb of Destruction       Conj           0%         N/A       100%        7


Dungeon Overview and Level Annotations

Branches:
Dungeon (13/15)            Temple (0/1) D:7            Lair (2/6) D:9
    Orc (1/2) D:10          IceCv (visited)
  Swamp: Lair:2-4    Shoals: Lair:2-4     Snake: Lair:2-4    Spider: Lair:2-4
 Vaults: D:13-14

Altars:
Fedhas
Vehumet
Wu Jian
Xom
The Shining One

Shops:
D:1 (   D:5 :

Annotations:
D:2 exclusion: downstairs
D:5 exclusions: upstairs and 1 more exclusion, Pikel
D:6 exclusions: 2 electric eels, upstairs and 4 more exclusions, Maggie
D:8 exclusions: 2 downstairs and upstairs
D:9 exclusion: two-headed ogre
D:12 boulder beetle and more
D:13 exclusion: upstairs


Innate Abilities, Weirdness & Mutations

You are a tree.
Your roots penetrate the ground, keeping you stationary.
You cannot be teleported.
You are immune to unholy pain and torment.
Your maximum health is greatly increased.
Your equipment is partially melded.
You are too large for most types of armour.
((You have claws for hands.))
Your natural rate of healing is unusually fast.
((You are covered in fur. (AC +1)))
((You have tough skin. (AC +1)))
((You are partially covered in iridescent scales. (AC +2)))
((Your flesh is cold resistant. (rC+)))
((Your flesh is heat resistant. (rF+)))
Your spells are a little harder to cast, but a little more powerful.


Message History

You feel very sick.
You hit the cane toad but do no damage.
The cane toad is lightly wounded.
You feel very sick. The cane toad stings you!
You sock the cane toad!
The cane toad goes berserk!
Xom is highly amused!
The cane toad is moderately wounded.
You feel very sick. The cane toad stings you!
You are more poisoned.
The cane toad poisons you! The cane toad barely misses you.
Aiming: Paralyse
Press: ? - help, Shift-Dir - straight line, f - cane toad
Aim: a cane toad (moderately wounded, berserk, chance to affect: 50%)
The cane toad resists with some effort.
You feel extremely sick. The cane toad barely misses you.
The cane toad stings you!!
* * * LOW HITPOINT WARNING * * *
You are lethally poisoned!
The cane toad poisons you!
Really quaff the potion of lignification?
You turn into a tree.
Your +0 cloak melds into your body.
Your +0 steam dragon scales melds into your body.
Your roots penetrate the ground.
* * * LOW HITPOINT WARNING * * *
You feel extremely sick. The cane toad stings you.
* * * LOW HITPOINT WARNING * * *
Aiming: Corrosive Bolt
Press: ? - help, Shift-Dir - straight line, f/p - cane toad
Aim: a cane toad (moderately wounded, berserk, 75% to hit)
The bolt of acid hits the cane toad!
The cane toad is splashed with acid!
The acid corrodes the cane toad!
The cane toad is severely wounded.
* * * LOW HITPOINT WARNING * * *
You feel extremely sick.
The cane toad stings you but does no damage.
The cane toad stings you!
You die...

.>..8..## ........###
.8........# ..........#
.......8..######
.8..##......##.## #
....##.....#....####.###
....##.................#
....###.#.##....♣F.....#
.......................#
.......................#
........................
........................
........................
..........P#............
...........####.....(...
............# #.


You could see a cane toad (berserk, corroded).

Vanquished Creatures
  2 two-headed ogres
  A deep elf pyromancer (D:12)
  A cyclops (D:13)
  2 cane toads (Lair:1)
  A gargoyle (D:13)
  An unseen horror (D:12)
  A komodo dragon (Lair:1)
  3 trolls
  3 slime creatures (D:13)
  A hornet (D:9)
  13 yaks
  A wyvern (D:9)
  A vampire (D:10)
  A fire bat (Lair:1)
  A wraith (D:11)
  2 steam dragons
  A basilisk (D:10)
  A death yak simulacrum (IceCv)
  3 vampire mosquitoes (D:11)
  A water moccasin (Lair:1)
  A black bear (shapeshifter) (D:4)
  3 orc warriors
  2 sky beasts
  2 black bears (D:9)
  2 ogres
  A necrophage (D:4)
  5 centaurs
  2 lemures (D:5)
  2 kobold brigands
  2 bullfrogs
  2 scorpions
  A water moccasin skeleton (D:4)
  5 killer bees (D:7)
  7 howler monkeys
  2 centaur zombies
  3 hounds
  2 jellies
  9 orc priests
  A centaur skeleton (D:5)
  A gnoll shaman (D:4)
  Natasha (D:3)
  3 iguanas
  11 orc wizards
  A killer bee zombie (D:5)
  2 polar bear simulacra (IceCv)
  A wolf simulacrum (IceCv)
  3 hound skeletons
  2 howler monkey zombies
  11 adders
  10 gnolls
  A howler monkey skeleton (D:7)
  A shadow imp (D:7)
  2 ufetubi
  An adder skeleton (D:4)
  2 dart slugs
  2 worms (D:2)
  48 orcs
  9 endoplasms
  6 giant cockroaches
  4 goblins
  9 hobgoblins
  13 kobolds
  4 bats
  3 frilled lizards
  4 rats
250 creatures vanquished.

Vanquished Creatures (collateral kills)
  2 slime creatures (D:12)
  An ogre (D:4)
  A goblin (D:2)
4 creatures vanquished.

Vanquished Creatures (others)
  A vault guard (D:13)
  A human (D:13)
  A fungus (Lair:1)
3 creatures vanquished.

Grand Total: 257 creatures vanquished

Notes
Turn   | Place    | Note
-------+----------+-------------------------------------------
     0 | D:1      | FreshCat the Troll Chaos Knight began the quest for the
                  | Orb.
     0 | D:1      | Reached XP level 1. HP: 22/22 MP: 0/0
   148 | D:1      | Found Suhuw's Antique Weapon Boutique.
   306 | D:1      | Reached XP level 2. HP: 29/29 MP: 1/1
   360 | D:1      | Reached skill level 3 in Maces & Flails
   572 | D:1      | XOM: divination: detect creatures
  1266 | D:2      | XOM: silly message
  1320 | D:2      | XOM: smoke on damage
  1479 | D:2      | Reached XP level 3. HP: 32/36 MP: 2/2
  1541 | D:2      | XOM: silly message
  1563 | D:2      | XOM: silly message
  1600 | D:2      | Reached XP level 4. HP: 34/45 MP: 3/3
  2066 | D:3      | XOM: silly message
  2259 | D:3      | Reached skill level 4 in Maces & Flails
  2270 | D:4      | XOM: divination: detect items
  2275 | D:4      | Reached XP level 5. HP: 53/53 MP: 4/4
  2337 | D:3      | XOM: confuse monster(s)
  2583 | D:3      | XOM: smoke on damage
  3125 | D:3      | Reached XP level 6. HP: 61/61 MP: 5/5
  3203 | D:3      | Noticed Natasha
  3214 | D:3      | Killed Natasha
  3335 | D:4      | Reached skill level 5 in Maces & Flails
  3338 | D:4      | Reached skill level 1 in Stealth
  3531 | D:4      | Identified the +0 robe of Anaesthesia {Str+5}
  3624 | D:4      | XOM: divination: detect creatures
  3696 | D:4      | XOM: smoke on damage
  3708 | D:4      | Noticed a shapeshifter
  3708 | D:4      | a gnoll changed into a shapeshifter
  3708 | D:4      | a shapeshifter changed into a black bear
  3715 | D:4      | Reached XP level 7. HP: 59/67 MP: 6/6
  3726 | D:5      | Entered Level 5 of the Dungeon
  3870 | D:4      | XOM: polymorph ball python -> adder
  4241 | D:4      | XOM: divination: detect creatures
  4816 | D:4      | XOM: summons friendly white imp
  4820 | D:4      | Reached skill level 6 in Maces & Flails
  5004 | D:5      | Found Viom's Book Emporium.
  5024 | D:5      | Found a blossoming altar of Fedhas.
  5038 | D:5      | Found a radiant altar of Vehumet.
  5045 | D:5      | Found a glowing golden altar of the Shining One.
  5050 | D:5      | Found an ornate altar of the Wu Jian Council.
  5122 | D:5      | Reached XP level 8. HP: 69/78 MP: 7/7
  5235 | D:5      | Noticed Pikel
  5425 | D:6      | XOM: snakes to sticks
  5429 | D:6      | XOM: polymorph scorpion -> endoplasm
  5454 | D:6      | XOM: polymorph orc -> goblin
  5585 | D:7      | XOM: cleaving
  5591 | D:7      | Reached skill level 7 in Maces & Flails
  5785 | D:6      | XOM: give mutation
  5785 | D:6      | Gained mutation: You are partially covered in iridescent
                  | scales. (AC +2) [Xom's grace]
  5876 | D:6      | Noticed Maggie
  5980 | D:8      | XOM: noise
  6099 | D:7      | XOM: cast spell 'Cause Fear'
  6196 | D:7      | Found a staircase to the Ecumenical Temple.
  6208 | D:7      | Reached skill level 5 in Dodging
  6623 | D:7      | Reached skill level 8 in Maces & Flails
  6687 | D:7      | Reached XP level 9. HP: 83/85 MP: 8/8
  6707 | D:7      | XOM: god gift: book of the Hunter
  6755 | D:7      | XOM: 1-stop teleportation journey
  6913 | D:7      | XOM: divination: magic mapping
  6915 | D:7      | XOM: god gift: chain mail {god gift}
  7080 | D:8      | XOM: 1-stop teleportation journey
  7088 | D:8      | Identified the +3 leather armour "Waacw" {rPois rC+ Str-4
                  | Int+3 Dex+3}
  7093 | D:8      | Reached skill level 5 in Fighting
  7277 | D:8      | XOM: god gift: whip {god gift}
  7302 | D:8      | XOM: scenery: create altars
  7447 | D:8      | XOM: scenery: create altars
  7523 | D:9      | Found a staircase to the Lair.
  7702 | D:9      | Reached skill level 9 in Maces & Flails
  7763 | D:9      | XOM: god gift: Trismegistus Codex
  7824 | D:9      | Noticed a two-headed ogre
  7922 | D:9      | XOM: scenery: summon butterflies
  7936 | D:10     | Entered Level 10 of the Dungeon
  7979 | D:9      | XOM: summons friendly shadow imp
  7984 | D:9      | XOM: 3-stop teleportation journey
  8067 | D:9      | XOM: potion effect (curing)
  8135 | D:9      | XOM: enchant monster (good)
  8137 | D:9      | XOM: confuse monster(s)
  8151 | D:9      | XOM: enchant monster (bad)
  8279 | D:9      | Reached skill level 10 in Maces & Flails
  8279 | D:9      | Reached XP level 10. HP: 93/96 MP: 9/9
  8534 | D:10     | XOM: enchant monster (good)
  8825 | D:10     | XOM: blink monster(s)
  8831 | D:10     | XOM: noise
  8873 | D:10     | XOM: smoke on damage
  8876 | D:10     | XOM: confuse monster(s)
  9123 | D:10     | XOM: cloud trail
  9219 | D:10     | Found a staircase to the Orcish Mines.
  9886 | D:11     | Noticed a two-headed ogre
  9900 | D:11     | Killed a two-headed ogre
  9901 | D:11     | Reached skill level 11 in Maces & Flails
  9946 | D:11     | XOM: summons 2 friendly demons
  9951 | D:11     | XOM: divination: magic mapping
 10012 | D:11     | XOM: cloud trail
 10174 | D:11     | XOM: 6-stop teleportation journey
 10283 | D:11     | XOM: god gift: glowing scale mail {god gift}
 10305 | D:11     | XOM: 3-stop teleportation journey
 10315 | D:11     | XOM: summons friendly iron imp
 10594 | D:12     | Noticed a two-headed ogre
 10597 | D:12     | XOM: summons 10 friendly demons
 10603 | D:12     | Killed a two-headed ogre
 10609 | D:12     | Noticed a boulder beetle
 10613 | D:12     | XOM: 2-stop teleportation journey
 10653 | D:12     | Noticed a deep elf pyromancer
 10659 | D:12     | Killed a deep elf pyromancer
 10660 | D:12     | Reached XP level 11. HP: 83/107 MP: 10/10
 10857 | D:13     | Found a frozen archway.
 10866 | IceCv    | Entered an ice cave
 11091 | D:13     | XOM: give mutations
 11091 | D:13     | Gained mutation: Your flesh is heat resistant. (rF+) [Xom's
                  | grace]
 11091 | D:13     | Gained mutation: Your spells are a little harder to cast,
                  | but a little more powerful. [Xom's grace]
 11099 | D:13     | Killed a vault guard
 11343 | D:13     | Reached skill level 1 in Evocations
 11729 | D:12     | XOM: give mutation
 11729 | D:12     | Gained mutation: Your flesh is cold resistant. (rC+) [Xom's
                  | grace]
 11814 | D:12     | XOM: summons 11 friendly demons
 11862 | D:12     | Noticed a brown ugly thing
 11864 | D:12     | Noticed a boulder beetle
 11871 | D:12     | XOM: summons 3 friendly demons
 11874 | D:12     | XOM: scenery: 3 doors close
 11883 | D:12     | XOM: 1-stop teleportation journey
 12007 | Orc:1    | Entered Level 1 of the Orcish Mines
 12075 | Lair:1   | Entered Level 1 of the Lair of Beasts
 12226 | Lair:1   | Reached skill level 1 in Throwing
 12310 | Lair:1   | XOM: polymorph yak -> fire bat
 12317 | Lair:1   | XOM: divination: detect items
 12346 | Lair:1   | XOM: enchant monster (good)
 12377 | Lair:1   | Reached skill level 12 in Maces & Flails
 12383 | Lair:1   | XOM: cloud trail
 12508 | Lair:1   | HP: 8/163 [poisoned by a cane toad]
 12508 | Lair:1   | Slain by a cane toad

Illustrated notes

Levels and vault maps discovered:
D:1:      saegor_arrival_simple_a, layout_basic, serial_shops, shop_statue
D:2:      minmay_spotlight, layout_basic
D:3:      layout_loops_corners, minmay_fountain_box, st_stairs_5, uniq_natasha
D:4:      layout_basic
D:5:      layout_rooms, minitemple, serial_shops, shop, uniq_pikel
D:6:      layout_basic, water_boxes_lemuel, uniq_maggie
D:7:      layout_loops_ring, minmay_temple_entry_from_below_a
D:8:      layout_basic
D:9:      layout_rooms, david_lair_generic
D:10:     layout_long_grid, hiddenorc1_lemuel, hive_lemuel
D:11:     layout_roguey
D:12:     minmay_cut_squares, layout_gridville, serial_shops,
          nicolae_lakefront_shop, uniq_kirke
D:13:     layout_loops_ring, ximxim_vaults_locker_room,
          portal_ice_cave_entry_pillars_2
Lair:1:   layout_hall_layers, gauntlet_entry_generic,
          infiniplex_staircase_pool_2, grunt_megastairs_3, lemuel_fruit_tree
Lair:2:   layout_misc_corridors, minmay_lair_oklob_chamber
Orc:1:    layout_caves, uniq_fannar

Skill      XL: |  1  2  3  4  5  6  7  8  9 10 11 |
---------------+----------------------------------+-----
Dodging        | 2 3 4 5 6 7 8 |  8.4
Maces & Flails | 3 4 5 6 8 10 11 12 | 12.0
Fighting       | 3 4 5 6 7 |  7.4
Stealth        | 1 |  1.0
Evocations     | 1 |  1.4
Throwing       | 1 |  1.7

Action                   |  1- 3 |  4- 6 |  7- 9 | 10-12 || total
-------------------------+-------+-------+-------+-------++-------
Melee: Mace              |    96 |   191 |   169 |   185 ||   641
       Flail             |       |       |   233 |   330 ||   563
Throw: Stone             |     9 |    60 |    58 |    18 ||   145
       Dart              |       |       |    14 |    40 ||    54
       Throwing net      |       |       |     2 |       ||     2
       Javelin           |       |       |       |     3 ||     3
Evoke: Wand              |       |       |     5 |    13 ||    18
  Use: Scroll            |       |     3 |     3 |    11 ||    17
       Potion            |       |       |     2 |     6 ||     8
 Stab: Sleeping          |     1 |       |       |       ||     1
       Paralysed         |       |     2 |       |       ||     2
       Confused          |       |     1 |       |       ||     1
       Held in net/web   |       |       |     1 |       ||     1
Armor: Robe              |    50 |   126 |   155 |       ||   331
       Steam dragon scal |       |       |    90 |    54 ||   144
       Troll leather arm |       |       |       |   162 ||   162
       Skin              |       |       |       |    11 ||    11
Dodge: Dodged            |    47 |    89 |   217 |   250 ||   603
